 Dungeon Crawl Stone Soup version 0.19-a0-929-g333bac9 (webtiles) character file.

434 Etesian the Skirmisher (level 6, -3/53 HPs)
             Began as a Draconian Fighter on July 7, 2016.
             Slain by an ogre
             ... wielding a +0 giant club
              (23 damage)
             ... on level 4 of the Dungeon.
             The game lasted 00:12:21 (4870 turns).

Etesian the Skirmisher (Draconian Fighter)          Turns: 4870, Time: 00:12:22

Health: -3/53      AC:  6    Str: 19    XL:     6   Next: 68%
Magic:  6/6        EV: 11    Int:  8    God:
Gold:   257        SH: 10    Dex: 12    Spells: 0 memorised, 5 levels left

rFire  . . .     SeeInvis .       - Unarmed
rCold  . . .     Gourm    .     (armour unavailable)
rNeg   . . .     Faith    .     a - +1 shield
rPois  .         Spirit   .     (helmet restricted)
rElec  .         Dismiss  .     (no cloak)
rCorr  .         Reflect  .     (no gloves)
SustAt .         Harm     .     (no boots)
MR     .....                    (no amulet)
Stlth  +.........               (no ring)
                                (no ring)

@: not resistant to hostile enchantments, very unstealthy
A: unfitting armour, cold-blooded, AC +6
a: no special abilities


You were on level 4 of the Dungeon.
You were not hungry.

You visited 1 branch of the dungeon, and saw 6 of its levels.

You collected 257 gold pieces.

Inventory:

Hand Weapons
 n - a +0 falchion
Missiles
 o - 6 javelins (quivered)
Armour
 a - a +1 shield (worn)
Jewellery
 k - a cursed amulet of inaccuracy {unknown}
Scrolls
 e - a scroll of remove curse
 f - 2 scrolls of enchant armour
Potions
 b - a potion of might
 d - a potion of curing {unknown}
 i - a potion of magic
 j - 2 potions of heal wounds {unknown}
 m - a potion of invisibility {unknown}
 q - a potion of flight {unknown}
Comestibles
 c - a bread ration
 g - a beef jerky
 h - 3 meat rations


   Skills:
 + Level 4.7 Fighting
 + Level 3.8 Dodging
 + Level 4.4 Shields
 * Level 4.6 Unarmed Combat


You had 5 spell levels left.
You didn't know any spells.

Dungeon Overview and Level Annotations

Branches:
Dungeon (6/15)
 Temple: D:4-7

Altars:
Ashenzari
Dithmenos
Trog
The Shining One

Shops:
D:4 [

Annotations:
D:4 1 runed door
D:5 exclusion: sky beast


Innate Abilities, Weirdness & Mutations

Your plain brown scales are hard. (AC +6)
Your body does not fit into most forms of armour.
You are cold-blooded and may be slowed by cold attacks.


Message History

You tail-slap the ogre, but do no damage.
The ogre is moderately wounded.
The ogre closely misses you.
You barely miss the ogre. You tail-slap the ogre.
The ogre is moderately wounded.
The ogre barely misses you.
You hit the ogre but do no damage.
The ogre is moderately wounded.
The ogre hits you with a giant club!!
You take 22 damage, and have 31/53 hp.
MASSIVE DAMAGE!!
You hit the ogre.
The ogre is heavily wounded.
You punch the ogre!
The ogre is severely wounded.
The ogre hits you with a giant club!
You take 12 damage, and have 20/53 hp.
MASSIVE DAMAGE!!
You barely miss the ogre.
The ogre is severely wounded.
The ogre hits you with a giant club!!
You die...

#....########.##....# #.
#....# ##.####### #.
#....# #..# #####.
#....# ##.## #.....
#....# #..# #.####
###### ##.## #.# ####..#
#.# ##.....## #.# ##
#.....@.# ###.###.
#......O..# ##.......
#.........######.....###
#.........#.........##
#.?.........####..###
#.........##........#
##.......###.O......#
.$....... #........#
..... #......<.#


You could see an ogre.

Vanquished Creatures
  Blork the orc (D:4)
  A crimson imp (D:6)
  A hound (D:4)
  An orc priest (D:3)
  Ijyb (D:2)
  2 worker ants
  A howler monkey skeleton (D:5)
  6 adders
  A shadow imp (D:5)
  An ooze (D:4)
  An adder skeleton (D:5)
  An adder zombie (D:5)
  3 worms
  A dart slug (D:1)
  5 giant geckos
  11 orcs
  10 bats
  2 giant cockroaches
  6 goblins
  7 hobgoblins
  7 jackals
  A quokka (D:6)
  A ball python (D:2)
  4 giant newts
  A jackal skeleton (D:5)
  12 kobolds
  12 rats
101 creatures vanquished.

Notes
Turn   | Place    | Note
-------+----------+-------------------------------------------
     0 | D:1      | Etesian the Draconian Fighter began the quest for the Orb.
     0 | D:1      | Reached XP level 1. HP: 19/19 MP: 1/1
   161 | D:1      | Reached XP level 2. HP: 18/26 MP: 2/2
   654 | D:2      | Reached XP level 3. HP: 16/31 MP: 3/3
   818 | D:2      | Noticed Ijyb
   948 | D:2      | Found a shadowy altar of Dithmenos.
   998 | D:2      | HP: 1/31 [worm (11)]
  1571 | D:2      | Killed Ijyb
  1571 | D:2      | Reached XP level 4. HP: 35/40 MP: 4/4
  1658 | D:2      | Found a glowing golden altar of the Shining One.
  1661 | D:2      | Found a bloodstained altar of Trog.
  1664 | D:2      | Found a shattered altar of Ashenzari.
  2632 | D:3      | Reached XP level 5. HP: 21/46 MP: 5/5
  3347 | D:4      | Found a runed door.
  3541 | D:4      | Noticed an ogre
  3604 | D:4      | Reached XP level 6. HP: 47/53 MP: 6/6
  3688 | D:4      | Found Juwiwoal's Antique Armour Shop.
  3771 | D:4      | Noticed Blork the orc
  3789 | D:4      | Killed Blork the orc
  4094 | D:4      | You fall through a shaft for 2 floors!
  4417 | D:5      | Entered Level 5 of the Dungeon
  4581 | D:5      | Noticed a sky beast
  4591 | D:5      | Noticed an orc warrior
  4870 | D:4      | Slain by an ogre

Vault maps used:
D:1:      tarquinn_simple_flora_water_b, minmay_misc_feat_tiny
D:2:      grunt_temple_overflow_open, overflow_temple_1_default, uniq_iyjb
D:4:      serial_shops, shop, kennysheep_generic_room_4, uniq_blork_the_orc,
          uniq_crazy_yiuf_cottage
D:5:      lemuel_castle_with_subvaults, first_bread, uniq_eustachio
D:6:      makhleb_heckhound_becter, cheibrodos_worm_habitat

Skill      XL: |  1  2  3  4  5 |
---------------+----------------+-----
Dodging        | 3 |  3.8
Unarmed Combat | 3 4 |  4.6
Fighting       | 4 |  4.7
Shields        | 4 |  4.4

Action                   |  1- 3 |  4- 6 || total
-------------------------+-------+-------++-------
Melee: Unarmed           |   186 |   334 ||   520
       Tailslap          |    22 |    37 ||    59
  Use: Scroll            |     1 |     9 ||    10
 Stab: Sleeping          |       |     1 ||     1
  Eat: Chunk             |     2 |     7 ||     9
       Bread ration      |       |     1 ||     1
Armor: Skin              |    76 |    59 ||   135
Dodge: Dodged            |   100 |   133 ||   233
Block: Shield            |   110 |   156 ||   266
